 Dungeon Crawl Stone Soup version 0.26-b1-32-g5d43845318 (webtiles) character file.

Game seed: 7201093455625016484

255936 Arum the Slayer (level 20, -16/176 (183) HPs)
             Began as a Formicid Fighter on Jan 8, 2021.
             Was an Elder of Qazlal.
             Demolished by an imperial myrmidon
             ... wielding a +0 scimitar
              (17 damage)
             ... in the Desolation of Salt.
             The game lasted 01:23:48 (39160 turns).

Arum the Slayer (Formicid Fighter)                 Turns: 39160, Time: 01:23:49

HP:   -16/176 (183) AC: 23    Str: 40    XL:     20   Next: 59%
MP:   16/27         EV: 17    Int:  6    God:    Qazlal [****..]
Gold: 1623          SH: 20    Dex: 10    Spells: 13/19 levels left

rFire    + . .     SeeInvis +   U - +5 lajatang (flame)
rCold    + . .     Faith    .   j - +0 kite shield {rPois}
rNeg     + + .     Spirit   .   X - +5 ring mail "Pasa" {rElec rN+ Str+2 Int-2}
rPois    +         Reflect  .   (helmet unavailable)
rElec    +         Harm     .   T - scarf {rC+ rF+}
rCorr    .         Rampage  .   J - +0 pair of gloves
Will     +++++     Clarity  +   S - +0 pair of boots of Letrinui {rElec Str+2} (curse)
Stlth    ..........             K - amulet of the Four Winds {rN+ Will+++ Clar}
HPRegen  0.39/turn              g - +6 ring of strength
MPRegen  0.20/turn              G - +4 ring of protection (curse)

@: protected from physical damage, lightly drained, repel missiles
A: permanent stasis, dig shafts and tunnels, four strong arms, antennae 3
}: 2/15 runes: decaying, serpentine
a: Dig, Renounce Religion, Upheaval, Elemental Force


You were in the Desolation of Salt.
You worshipped Qazlal.
Qazlal was greatly pleased with you.
You visited 7 branches of the dungeon, and saw 33 of its levels.
You also visited: Trove, Ossuary, Gauntlet, Ice Cave and Desolation.

You collected 3351 gold pieces.
You spent 1728 gold pieces at shops.

Inventory:

Hand Weapons
 a - a +3 quarterstaff of freezing
 U - a +5 lajatang of flaming (weapon)
Missiles
 N - 2 throwing nets
 Q - 25 javelins
Armour
 j - a +0 kite shield of poison resistance (worn)
 J - a +0 pair of gloves (worn)
 R - a +2 chain mail of fire resistance
 S - the cursed +0 pair of boots of Letrinui (worn) {rElec Str+2}
   (You found it in a Gauntlet)

   It affects your strength (+2).
   It insulates you from electricity.
   It has a curse placed upon it.
 T - a scarf of resistance (worn)
 X - the +5 ring mail "Pasa" (worn) {rElec rN+ Str+2 Int-2}
   (You found it in a treasure trove)

   It affects your strength (+2).
   It affects your intelligence (-2).
   It insulates you from electricity.
   It protects you from negative energy.
 Z - a +2 cloak of cold resistance
Jewellery
 c - an uncursed ring of positive energy
 g - a +6 ring of strength (left hand)
 u - an uncursed ring of poison resistance
 E - an uncursed ring of positive energy
 G - a cursed +4 ring of protection (right hand)
 K - the amulet of the Four Winds (around neck) {rN+ Will+++ Clar}
   (You bought it in a shop on level 2 of the Orcish Mines)

   [amulet of nothing]

   It protects you from negative energy.
   It affects your willpower, your defense against some magical effects.
   It protects you against confusion.
 P - an uncursed ring of protection from cold
 V - an uncursed amulet of magic regeneration
 W - an uncursed ring of resist corrosion
 Y - an uncursed amulet of regeneration
Wands
 b - a wand of disintegration (19)
 m - a wand of iceblast (41)
 y - a wand of acid (49)
 D - a wand of random effects (74)
 H - a wand of digging (17)
 L - a wand of polymorph (35)
Scrolls
 e - 3 scrolls of immolation
 h - 4 scrolls of identify
 k - 19 scrolls of remove curse
 l - 4 scrolls of fear
 n - a scroll of summoning
 p - 7 scrolls of enchant armour
 q - 7 scrolls of silence
 t - 7 scrolls of amnesia
 z - a scroll of holy word
 B - 2 scrolls of fog
 F - 2 scrolls of magic mapping
 M - 6 scrolls of vulnerability
Potions
 d - 7 potions of might
 f - 2 potions of cancellation
 i - 10 potions of heal wounds
 o - 4 potions of resistance
 r - 5 potions of brilliance
 s - 14 potions of curing
 v - 8 potions of lignification
 w - 6 potions of ambrosia
 x - 4 potions of invisibility
 A - 3 potions of mutation
 C - 8 potions of flight
 I - 8 potions of attraction
Miscellaneous
 O - a tin of tremorstones (2/2)


   Skills:
 + Level 22.3 Fighting
 + Level 16.5 Staves
 - Level 15.0 Armour
 + Level 13.1 Dodging
 + Level 12.8 Shields
 - Level 10.0 Invocations


You had 13 spell levels left.
You knew the following spells:

 Your Spells              Type           Power        Failure   Level
a - Statue Form           Tmut/Erth      0%           100%        6

Your spell library contained the following spells:

 Spells                   Type           Power        Failure   Level
 Animate Skeleton         Necr           0%           52%         1
 Apportation              Tloc           0%           52%         1
 Corona                   Hex            0%           52%         1
 Foxfire                  Conj/Fire      0%           52%         1
 Magic Dart               Conj           0%           52%         1
 Summon Small Mammal      Summ           0%           52%         1
 Call Imp                 Summ           0%           65%         2
 Poisonous Vapours        Pois/Air       0%           65%         2
 Searing Ray              Conj           0%           65%         2
 Call Canine Familiar     Summ           0%           87%         3
 Confusing Touch          Hex            0%           87%         3
 Conjure Flame            Conj/Fire      0%           87%         3
 Dazzling Flash           Conj/Hex       0%           87%         3
 Gell's Gravitas          Tloc           0%           87%         3
 Inner Flame              Hex/Fire       0%           87%         3
 Mephitic Cloud           Conj/Pois/Air  0%           87%         3
 Portal Projectile        Hex/Tloc       0%           87%         3
 Summon Guardian Golem    Hex/Summ       0%           87%         3
 Animate Dead             Necr           0%           99%         4
 Fulminant Prism          Conj/Hex       0%           99%         4
 Iskenderun's Mystic Bla  Conj/Tloc      0%           99%         4
 Leda's Liquefaction      Hex/Erth       0%           99%         4
 Petrify                  Tmut/Erth      0%           99%         4
 Sticky Flame             Conj/Fire      0%           99%         4
 Summon Ice Beast         Ice/Summ       0%           99%         4
 Summon Lightning Spire   Summ/Air       0%           99%         4
 Bolt of Magma            Conj/Fire/Erth 0%           100%        5
 Borgnjor's Vile Clutch   Necr/Erth      0%           100%        5
 Fireball                 Conj/Fire      0%           100%        5
 Irradiate                Conj/Tmut      0%           100%        5
 Metabolic Englaciation   Hex/Ice        0%           100%        5
 Yara's Violent Unravell  Hex/Tmut       0%           100%        5
 Death Channel            Necr           0%           100%        6
 Dispersal                Tloc           0%           100%        6
 Freezing Cloud           Conj/Ice/Air   0%           100%        6
 Hydra Form               Tmut           0%           100%        6
 Iron Shot                Conj/Erth      0%           100%        6
 Simulacrum               Ice/Necr       0%           100%        6
 Dragon Form              Tmut           0%           100%        7
 Disjunction              Tloc           0%           100%        8
 Shatter                  Erth           0%           100%        9


Dungeon Overview and Level Annotations

Branches:
Dungeon (15/15)            Temple (1/1) D:4            Lair (6/6) D:10
  Swamp (4/4) Lair:2        Snake (4/4) Lair:2        Slime (0/5) Lair:6
    Orc (2/2) D:12            Elf (0/3) Orc:2        Vaults (1/5) D:14
 Depths (0/5) D:15        Ossuary (visited)           IceCv (visited)
Desolation (1/1)          Gauntlet (visited)

Altars:
Ashenzari
Cheibriados
Dithmenos
Elyvilon
Fedhas
Gozag
Hepliaklqana
Kikubaaqudgha
Makhleb
Nemelex Xobeh
Okawaru
Qazlal
Ru
Sif Muna
Trog
Uskayaw
Vehumet
Wu Jian
Xom
Yredelemnul
Zin
The Shining One
Beogh

Shops:
D:8 *   D:9 [   D:11 [!(!   Orc:2 :!=*   Snake:1 :[[[   Snake:2 !   Vaults:1 }

Annotations:
D:11 2 transporters, exclusion: oklob plant, Dirian's ghost, journeyman MiFi


Innate Abilities, Weirdness & Mutations

You cannot be hasted, slowed, berserked, paralysed or teleported.
You can dig through walls and to a lower floor.
Your four strong arms can wield two-handed weapons with a shield.
You have a pair of large antennae on your head. (SInv)


Message History

Unknown command.
Unknown command.
You feel much better.
You block the +3 trident of protection's attack.
Your air elemental barely misses the peacekeeper.
The peacekeeper is engulfed in freezing vapours.
You block the peacekeeper's attack. x2
Your air elemental hits the peacekeeper but does no damage.
The peacekeeper is engulfed in blazing flames.
The peacekeeper misses you. The peacekeeper claws you.
* * * LOW HITPOINT WARNING * * *
Your air elemental hits the peacekeeper but does no damage.
The saltling hits your air elemental.
The +3 trident of protection hits you but does no damage.
The peacekeeper is engulfed in freezing vapours.
The peacekeeper bites you!!
* * * LOW HITPOINT WARNING * * *
The peacekeeper closely misses you.
The imperial myrmidon hits you with a +0 scimitar!
You die...

.......... §..§.
........{. ....§§§
........8 .....§.
.........8 .......
.......p###.......
......)88....p....
......8pLEE(°.....
.......888E.......
........(p@E§.....
.....∩.∩.8........
.........E○.○.....
.#................
##...............
#...........#...
.................
..................
...............


You could see a ragged hierophant (summoned), a servant of whispers (sheltered),
2 imperial myrmidons, a halazid warlock (sheltered), 2 peacekeepers, 5
saltlings, 2 dancing weapons, a friendly earth elemental (summoned), 2 friendly
water elementals and 2 friendly air elementals.

Vanquished Creatures
  Saint Roka (Snake:2)
  Asterion (Snake:2)
  Kirke (Swamp:2)
  Gastronok (Orc:1)
  Donald (Snake:3)
  A fenstrider witch (Swamp:2)
  Roxanne (Swamp:2)
  12 nagarajas
  A fire giant (D:15)
  An imperial myrmidon (Desolation)
  A frost giant (IceCv)
  Aizul (Snake:3)
  A balrug (Gauntlet)
  An orc warlord (Orc:2)
  An ironheart preserver (Vaults:1)
  Nessos (Orc:2)
  A minotaur (Gauntlet)
  5 bunyips
  7 eleionomae
  3 shambling mangroves
  25 hydras
  Harold (Lair:1)
  2 servants of whispers (Desolation)
  Fannar (Lair:1)
  3 ghost crabs
  4 boulder beetles
  A peacekeeper (Desolation)
  A catoblepas (Lair:6)
  20 naga warriors
  A vault guard (D:11)
  An ice dragon (Vaults:1)
  9 anacondas
  5 two-headed ogres
  A deep troll shaman (Lair:6)
  2 centaur warriors
  3 death yaks (Lair:6)
  16 alligators
  A tengu warrior (D:15)
  Urug (Lair:3)
  A deep elf knight (Vaults:1)
  7 orc high priests (Orc:2)
  9 shock serpents
  23 naga sharpshooters
  Nergalle (Lair:2)
  4 salamander mystics
  A fire crab (Gauntlet)
  4 goliath frogs
  3 unseen horrors
  4 spriggan druids
  3 bog bodies
  8 naga ritualists
  14 swamp dragons
  3 ironbrand convokers
  3 lindwurms (Swamp:4)
  A deep elf archer (Vaults:1)
  4 mana vipers
  3 harpies (Vaults:1)
  2 orc knights
  A necromancer (Lair:5)
  An oklob plant (Lair:5)
  4 will-o-the-wisps
  3 cyclopes
  A manticore (D:15)
  9 ugly things
  2 orc sorcerers
  2 deep elf magi (Vaults:1)
  7 elephants
  10 salamanders
  A moth of wrath (Gauntlet)
  25 naga magi
  An ice statue (IceCv)
  40 black mambas
  Psyche (D:10)
  5 guardian serpents
  A torpor snail (Lair:3)
  12 cane toads
  A centaur skeleton (D:12)
  10 komodo dragons
  4 yaktaurs (D:14)
  2 rime drakes (Lair:5)
  A freezing wraith (Vaults:1)
  A kobold demonologist (D:14)
  2 ice devils (Lair:6)
  4 guardian mummies (D:12)
  A tengu conjurer (D:15)
  8 trolls
  6 tyrant leeches
  3 meliai (D:15)
  18 polar bears
  A queen bee (D:11)
  A harpy skeleton (D:15)
  Grinder (D:5)
  9 hornets
  Prince Ribbit (D:5)
  12 blink frogs
  5 dream sheep (Lair:5)
  6 slime creatures (D:14)
  6 saltlings (Desolation)
  A shadow (D:15)
  Sigmund (D:6)
  6 spriggans
  A vampire (D:10)
  2 water elementals
  3 fire bats (Gauntlet)
  3 wraiths
  60 yaks
  7 wyverns
  6 basilisks
  4 hogs
  13 swamp worms
  12 wargs
  Menkaure (D:5)
  A harpy simulacrum (D:15)
  51 nagas
  Edmund (D:6)
  11 water moccasins
  2 hell hounds (Gauntlet)
  5 ice beasts
  21 orc warriors
  4 black bears
  8 sky beasts
  5 swamp drakes
  A hornet zombie (D:14)
  27 wolves
  6 phantoms
  11 ogres
  3 elephant zombies (Lair:5)
  14 centaurs
  A komodo dragon zombie (Lair:5)
  2 big kobolds
  21 bullfrogs
  2 water moccasin zombies (Ossuary)
  2 wyvern zombies (D:13)
  4 scorpions
  A hornet simulacrum (D:15)
  5 wights (D:15)
  32 killer bees
  8 electric eels
  5 howler monkeys
  3 bullfrog zombies
  8 jellies
  4 crimson imps (D:3)
  2 centaur zombies
  A basilisk zombie (Lair:5)
  2 quasits (D:10)
  A bullfrog skeleton (D:12)
  6 hounds
  37 orc priests
  Terence (D:3)
  6 iguanas
  16 orc wizards
  7 worker ants
  2 big kobold zombies (Ossuary)
  3 hound zombies
  6 mummies
  A worker ant zombie (D:5)
  4 gnolls (D:7)
  11 adders
  5 shadow imps
  3 white imps
  3 ufetubi
  5 adder zombies
  3 adder skeletons
  4 dart slugs
  3 worms
  9 leopard geckos
  112 orcs
  2 ball pythons
  6 bats
  7 giant cockroaches
  11 goblins
  11 hobgoblins
  16 jackals
  20 kobolds
  4 quokkas
  5 frilled lizards
  6 gnoll zombies (Ossuary)
  3 hobgoblin zombies (Ossuary)
  2 jackal skeletons
  5 kobold zombies (Ossuary)
  5 orc zombies (Ossuary)
  A quokka skeleton (D:6)
  A quokka zombie (D:5)
  8 rats
  3 bushes (Lair:5)
  3 pillars of salt (Vaults:1)
1229 creatures vanquished.

Vanquished Creatures (collateral kills)
  A saltling (Desolation)
  4 killer bees (D:12)
5 creatures vanquished.

Vanquished Creatures (others)
  2 bloated husks
  2 saltlings (Desolation)
  2 hogs (Swamp:2)
  A swamp drake (Swamp:4)
  A butterfly (Lair:6)
  6 foxfires
  22 fungi
  27 plants
63 creatures vanquished.

Grand Total: 1297 creatures vanquished

Notes
Turn   | Place    | Note
-------+----------+-------------------------------------------
     0 | D:1      | Arum the Formicid Fighter began the quest for the Orb.
     0 | D:1      | Reached XP level 1. HP: 18/18 MP: 1/1
   167 | D:1      | Reached XP level 2. HP: 24/24 MP: 2/2
   491 | D:1      | Reached XP level 3. HP: 29/29 MP: 3/3
   984 | D:2      | Noticed a sky beast
   999 | D:2      | Killed a sky beast
  1000 | D:2      | Reached skill level 4 in Fighting
  1000 | D:2      | Reached XP level 4. HP: 15/37 MP: 4/4
  1000 | D:2      | Reached XP level 5. HP: 18/42 MP: 5/5
  2198 | D:3      | Reached XP level 6. HP: 42/49 MP: 6/6
  2270 | D:3      | Reached skill level 5 in Shields
  2536 | D:3      | Noticed Terence
  2555 | D:3      | Killed Terence
  2569 | D:3      | Noticed a sky beast
  2591 | D:3      | Killed a sky beast
  2715 | D:3      | Found a shimmering altar of Xom.
  2722 | D:3      | Reached skill level 5 in Fighting
  2722 | D:3      | Reached skill level 5 in Armour
  2722 | D:3      | Reached XP level 7. HP: 55/56 MP: 7/7
  3319 | D:4      | Found a staircase to the Ecumenical Temple.
  3349 | Temple   | Entered the Ecumenical Temple
  3402 | Temple   | Became a worshipper of Qazlal Stormbringer
  3439 | D:4      | Found a hide-covered altar of Uskayaw.
  3439 | D:4      | Found a sparkling altar of Nemelex Xobeh.
  3487 | D:4      | Reached XP level 8. HP: 63/64 MP: 8/8
  3602 | D:4      | Reached skill level 6 in Fighting
  3692 | D:4      | Reached skill level 5 in Staves
  3938 | D:5      | Entered Level 5 of the Dungeon
  4069 | D:5      | Reached * piety under Qazlal
  4214 | D:5      | Found a glowing silver altar of Zin.
  4247 | D:5      | Noticed Prince Ribbit
  4249 | D:5      | Noticed Menkaure
  4254 | D:5      | Killed Prince Ribbit
  4256 | D:5      | Killed Menkaure
  4257 | D:5      | Reached skill level 7 in Fighting
  4257 | D:5      | Reached XP level 9. HP: 39/72 MP: 9/9
  4622 | D:5      | Noticed Grinder
  4626 | D:5      | Killed Grinder
  5063 | D:6      | Noticed Edmund
  5075 | D:6      | Killed Edmund
  5081 | D:6      | Reached skill level 8 in Fighting
  5111 | D:6      | Found a sand-covered staircase.
  5141 | Ossuary  | Entered an ossuary
  5255 | Ossuary  | Reached ** piety under Qazlal
  5766 | D:6      | Noticed Sigmund
  5771 | D:6      | Killed Sigmund
  5826 | D:6      | Reached XP level 10. HP: 82/82 MP: 10/10
  5961 | D:6      | Reached *** piety under Qazlal
  5964 | D:6      | Found a shimmering altar of Xom.
  5976 | D:6      | Found a bloodstained altar of Trog.
  5977 | D:6      | Found a radiant altar of Vehumet.
  5978 | D:6      | Found a shadowy altar of Dithmenos.
  5978 | D:6      | Found a hazy altar of Hepliaklqana.
  5978 | D:6      | Found an opulent altar of Gozag.
  6399 | D:7      | Reached skill level 9 in Fighting
  6639 | D:7      | Got a shimmering ring mail
  6648 | D:7      | Identified the +4 ring mail of Kleptomania {rPois Int+2}
                  | (You found it on level 7 of the Dungeon)
  7018 | D:8      | Reached **** piety under Qazlal
  7068 | D:8      | Found Pouliv's General Store.
  7077 | D:8      | Bought a potion of lignification for 45 gold pieces
  7077 | D:8      | Bought a scroll of magic mapping for 52 gold pieces
  7077 | D:8      | Bought a potion of heal wounds for 75 gold pieces
  7857 | D:9      | Found Hoezig's Antique Armour Shoppe.
  7914 | D:9      | Reached skill level 10 in Fighting
  7969 | D:9      | Reached XP level 11. HP: 55/90 MP: 11/11
  8132 | D:9      | Noticed a two-headed ogre
  8140 | D:9      | Killed a two-headed ogre
  8141 | D:9      | Reached skill level 1 in Invocations
  8299 | D:9      | Found a broken altar of Ashenzari.
  8632 | D:10     | Entered Level 10 of the Dungeon
  8632 | D:10     | Noticed a two-headed ogre
  8650 | D:10     | Killed a two-headed ogre
  8906 | D:10     | Reached ***** piety under Qazlal
  8925 | D:10     | Noticed Psyche
  8938 | D:10     | Killed Psyche
  9259 | D:10     | Noticed a two-headed ogre
  9336 | D:10     | Found a staircase to the Lair.
  9532 | D:10     | Reached skill level 11 in Fighting
  9838 | D:11     | Noticed a green ugly thing
  9907 | D:10     | Killed a white ugly thing
  9908 | D:10     | Reached skill level 10 in Staves
 10186 | D:11     | Reached skill level 5 in Invocations
 10340 | D:11     | Found a transporter.
 10351 | D:11     | Noticed a manticore
 10352 | D:11     | Noticed a cyclops
 10353 | D:11     | Found a transporter.
 10401 | D:11     | Noticed Dirian's ghost (journeyman MiFi)
 10432 | D:11     | Found Nepes's Antique Weapon Boutique.
 10539 | D:11     | Reached XP level 12. HP: 87/100 MP: 15/15
 10755 | D:11     | Found Odghaase's Distillery.
 10758 | D:11     | Bought a potion of heal wounds for 50 gold pieces
 10758 | D:11     | Bought a potion of invisibility for 80 gold pieces
 10804 | D:11     | Found Jodemaesch's Distillery.
 10815 | D:11     | Bought a potion of heal wounds for 75 gold pieces
 10864 | D:11     | Found Yminafiq's Armour Shoppe.
 10886 | D:11     | Reached skill level 10 in Armour
 10992 | D:11     | Noticed a vault guard
 11008 | D:11     | Killed a vault guard
 11103 | D:11     | You fall into a shaft and drop 3 floors!
 11155 | D:14     | Reached skill level 12 in Fighting
 11406 | D:13     | Noticed a boulder beetle
 11409 | D:13     | Noticed a seven-headed hydra
 11421 | D:13     | Killed a seven-headed hydra
 11435 | D:13     | Killed a boulder beetle
 11662 | D:12     | Noticed a two-headed ogre
 11671 | D:12     | Killed a two-headed ogre
 11721 | D:12     | Reached XP level 13. HP: 98/109 MP: 16/16
 11757 | D:12     | Noticed a six-headed hydra
 11764 | D:12     | Killed a six-headed hydra
 11786 | D:12     | Reached skill level 13 in Fighting
 11857 | D:12     | Found a gate leading to a gauntlet.
 11867 | Gauntlet | Entered a Gauntlet
 11867 | Gauntlet | Found a transporter.
 11867 | Gauntlet | Found a transporter.
 11867 | Gauntlet | Found a transporter.
 11868 | Gauntlet | Found a transporter.
 12093 | Gauntlet | Found a transporter.
 12103 | Gauntlet | Found a transporter.
 12107 | Gauntlet | Found a transporter.
 12117 | Gauntlet | Found a transporter.
 12136 | Gauntlet | Noticed a balrug
 12138 | Gauntlet | Found a transporter.
 12158 | Gauntlet | Found a transporter.
 12160 | Gauntlet | Found a transporter.
 12172 | Gauntlet | Found a transporter.
 12534 | Gauntlet | Killed a balrug
 12619 | Gauntlet | Learned a level 6 spell: Statue Form
 12628 | Gauntlet | Identified the cursed ring "Riulosh" {rF+ AC-4 Str-2
                  | Stlth+}
 12628 | Gauntlet | Noticed a minotaur
 12644 | Gauntlet | Killed a minotaur
 12658 | Gauntlet | Got a pair of warped boots
 12659 | Gauntlet | Identified the cursed +0 pair of boots of Letrinui {rElec
                  | Str+2} (You found it in a Gauntlet)
 12760 | D:12     | Found a staircase to the Orcish Mines.
 13106 | D:12     | Noticed a reaper
 13106 | D:12     | Noticed a reaper
 13106 | D:12     | Noticed a reaper
 13106 | D:12     | Noticed a reaper
 13106 | D:12     | Noticed a reaper
 13490 | D:11     | Found a portal to a secret trove of treasure.
 13496 | D:11     | You paid a toll of 6 scrolls of fear to enter a treasure
                  | trove
 13497 | Trove    | Entered a treasure trove
 13522 | Trove    | Got a brightly glowing chain mail
 13528 | Trove    | Got a spiked ring mail
 13559 | Trove    | Identified the +0 chain mail of Curiosity {rCorr Str+3}
                  | (You found it in a treasure trove)
 13620 | Trove    | Identified the +5 ring mail "Pasa" {rElec rN+ Str+2 Int-2}
                  | (You found it in a treasure trove)
 13633 | Trove    | Got a sparkling ruby amulet
 14238 | D:11     | Identified the amulet "Utoocsi" {Acrobat rPois} (You found
                  | it in a treasure trove)
 15150 | D:14     | Noticed a centaur warrior
 15176 | D:14     | Killed a centaur warrior
 15273 | D:14     | Got a transparent buckler
 15274 | D:14     | Identified the +0 buckler of the Bard {rF+} (You found it
                  | on level 14 of the Dungeon)
 15301 | D:14     | Found a gate to the Vaults.
 15547 | D:15     | Entered Level 15 of the Dungeon
 15572 | D:15     | Reached XP level 14. HP: 114/119 MP: 17/17
 15580 | D:15     | Reached skill level 14 in Fighting
 16123 | D:15     | Found a radiant altar of Vehumet.
 16260 | D:15     | Noticed a fire giant
 16264 | D:15     | Found a staircase to the Depths.
 16296 | D:15     | Killed a fire giant
 17190 | D:15     | Found a sacrificial altar of Ru.
 17475 | Orc:1    | Entered Level 1 of the Orcish Mines
 17622 | Orc:1    | Noticed Gastronok
 17635 | Orc:1    | Killed Gastronok
 17744 | Orc:2    | Entered Level 2 of the Orcish Mines
 17792 | Orc:2    | Noticed an orc warlord
 17805 | Orc:2    | Found a burning altar of Makhleb.
 17848 | Orc:2    | Killed an orc warlord
 17848 | Orc:2    | Noticed Nessos
 17855 | Orc:2    | Killed Nessos
 17957 | Orc:2    | Reached skill level 15 in Fighting
 17977 | Orc:2    | Reached XP level 15. HP: 90/129 MP: 20/20
 18245 | Orc:2    | Found a staircase to the Elven Halls.
 18661 | Orc:2    | Found Couw's Assorted Antiques.
 18661 | Orc:2    | Found Koclif's Jewellery Boutique.
 18666 | Orc:2    | Bought a scroll of identify for 64 gold pieces
 18666 | Orc:2    | Bought a scroll of identify for 64 gold pieces
 18691 | Orc:2    | Found a roughly hewn altar of Beogh.
 18820 | Orc:2    | Found Ikenuoj's Distillery.
 18820 | Orc:2    | Found Weruitz's Book Boutique.
 18825 | Orc:2    | Bought a potion of attraction for 42 gold pieces
 19022 | Orc:2    | Bought the amulet of the Four Winds {rN+ Will+++ Clar} for
                  | 614 gold pieces
 19022 | Orc:2    | Found the amulet of the Four Winds {rN+ Will+++ Clar}
 19310 | Lair:1   | Entered Level 1 of the Lair of Beasts
 19486 | Lair:1   | Noticed Harold
 19496 | Lair:1   | Killed Harold
 19607 | Lair:1   | Noticed Fannar
 19618 | Lair:1   | Killed Fannar
 20259 | Lair:2   | Noticed Nergalle
 20267 | Lair:2   | Killed Nergalle
 20516 | Lair:2   | Found a staircase to the Swamp.
 20586 | Lair:2   | Found a staircase to the Snake Pit.
 21069 | Snake:1  | Entered Level 1 of the Snake Pit
 21097 | Lair:3   | Noticed Urug
 21117 | Lair:3   | Killed Urug
 21315 | Lair:3   | Reached skill level 10 in Invocations
 21872 | Lair:4   | Reached skill level 1 in Dodging
 22866 | Lair:5   | Reached XP level 16. HP: 137/137 MP: 23/23
 23359 | Lair:5   | Reached ****** piety under Qazlal
 23777 | Lair:6   | Entered Level 6 of the Lair of Beasts
 23833 | Lair:6   | Reached skill level 15 in Armour
 23867 | Lair:6   | Reached skill level 16 in Fighting
 23886 | Lair:6   | Found a frozen archway.
 23928 | IceCv    | Entered an ice cave
 24249 | IceCv    | Noticed a frost giant
 24266 | IceCv    | Killed a frost giant
 24724 | IceCv    | Got a masterwork battleaxe
 24876 | Lair:6   | Identified the +2 battleaxe of Contention {vorpal, Fragile
                  | rPois Dex+2} (You found it in an ice cave)
 24899 | Lair:6   | Reached skill level 15 in Staves
 25123 | Lair:6   | Reached skill level 5 in Dodging
 25173 | Lair:6   | Got a smoking steel amulet
 25175 | Lair:6   | Identified the amulet of Recklessness {*Contam rF+ Regen+
                  | Dex+2 SInv} (You found it on level 6 of the Lair of Beasts)
 25182 | Lair:6   | Identified a scroll of acquirement
 25182 | Lair:6   | Acquired a manual of Fighting
 25590 | Lair:6   | Found a staircase to the Slime Pits.
 25911 | Swamp:1  | Entered Level 1 of the Swamp
 26225 | Lair:2   | Reached skill level 17 in Fighting
 27188 | Swamp:2  | Reached XP level 17. HP: 139/148 MP: 24/24
 27188 | Swamp:2  | Noticed Kirke
 27518 | Swamp:2  | Killed Kirke
 27557 | Swamp:2  | Reached skill level 18 in Fighting
 28402 | Swamp:2  | Noticed Roxanne
 28419 | Swamp:2  | Killed Roxanne
 28527 | Swamp:2  | Found a sparkling altar of Nemelex Xobeh.
 29239 | Swamp:3  | Got a turquoise-encrusted ring mail
 29243 | Swamp:3  | Reached skill level 19 in Fighting
 29253 | Swamp:3  | Identified the cursed +1 ring mail of Zahen {rElec rPois
                  | rF+ Int+4} (You found it on level 3 of the Swamp)
 29873 | Swamp:4  | Entered Level 4 of the Swamp
 30208 | Swamp:4  | Reached skill level 20 in Fighting
 30443 | Swamp:4  | Reached skill level 10 in Dodging
 30443 | Swamp:4  | Reached XP level 18. HP: 91/162 MP: 13/25
 32080 | Swamp:4  | Got a decaying rune of Zot
 32233 | Swamp:4  | Reached skill level 21 in Fighting
 32728 | Snake:1  | Found Zoesu's Antique Armour Shoppe.
 32731 | Snake:1  | Found Xuus Qut's Armour Shoppe.
 32731 | Snake:1  | Found Map Oloy's Book Emporium.
 32736 | Snake:1  | Bought a shiny kite shield for 210 gold pieces
 32736 | Snake:1  | Found Uturox's Armour Emporium.
 33682 | Snake:2  | Found Ynuseh's Distillery.
 33689 | Snake:2  | Bought 2 potions of heal wounds for 170 gold pieces
 33689 | Snake:2  | Bought a potion of curing for 51 gold pieces
 33689 | Snake:2  | Bought a potion of curing for 51 gold pieces
 33689 | Snake:2  | Bought a potion of heal wounds for 85 gold pieces
 34068 | Snake:2  | Noticed Asterion
 34086 | Snake:2  | Killed Asterion
 34087 | Snake:2  | Reached skill level 10 in Shields
 34087 | Snake:2  | Reached XP level 19. HP: 109/173 MP: 26/26
 34758 | Snake:2  | Noticed Saint Roka
 34772 | Snake:2  | Killed Saint Roka
 35749 | Snake:3  | Noticed Aizul
 35760 | Snake:3  | Killed Aizul
 36155 | Snake:3  | Noticed Donald
 36170 | Snake:3  | Killed Donald
 36979 | Snake:4  | Entered Level 4 of the Snake Pit
 37680 | Snake:4  | Reached skill level 22 in Fighting
 37687 | Snake:4  | HP: 8/174 [nagaraja/lance of force (14)]
 37692 | Snake:4  | Reached XP level 20. HP: 46/182 MP: 0/27
 38491 | Snake:4  | Got a serpentine rune of Zot
 38892 | Vaults:1 | Entered Level 1 of the Vaults
 38930 | Vaults:1 | Found a ruined gateway.
 39074 | Vaults:1 | Found Witir's Gadget Shop.
 39116 | Desolati | Entered the Desolation of Salt
 39159 | Desolati | HP: 8/176 [+3 glaive of venom[a halazid warlock] (3)]
 39160 | Desolati | HP: 1/176 [peacekeeper[a halazid warlock] (26)]
 39160 | Desolati | Demolished by an imperial myrmidon

Illustrated notes

Levels and vault maps discovered:
D:1:      minmay_arrival_stone_box, layout_basic, minmay_misc_feat_tower,
          roderic_serpentine_path, serial_bayou_lake_a
D:2:      layout_basic, st_stairs_1
D:3:      layout_basic, led_xom_imps, uniq_terence
D:4:      layout_loops_ring, chequers_temple_overflow_statue_of_worship,
          minmay_temple_entry_mist
D:5:      layout_gridville, basic_altar, uniq_prince_ribbit1, uniq_menkaure,
          uniq_grinder
D:6:      layout_loops_corners, minitemple,
          lightli_ossuary_entry_decrepit_ruins, uniq_edmund, uniq_sigmund
D:7:      layout_basic, minmay_misc_feat_diagonals
D:8:      layout_cave_pods, serial_shops, nicolae_shop_statue_plus
D:9:      layout_big_octagon, nicolae_overflow_crystal_walls, serial_park,
          serial_park_square2, serial_park_gazebo [serial_park_minivault_5x5_2],
          serial_park_square3 [serial_park_minivault_5x5_7], serial_shops, shop
D:10:     layout_roguey, grunt_lair_entry_orc_guard_hut, uniq_psyche
D:11:     layout_rooms, nzn_ghost_randoct, special_room [special_room_bee],
          serial_shops, nicolae_shop_crystal, nicolae_shop_behind_doors,
          kennysheep_mini, nicolae_shop_trees, enter_trove_5,
          chequers_serial_rivers_micro_c, kennysheep_opposing_triangles
D:12:     layout_irregular_city, minmay_orc_entry_guard_dogs,
          gauntlet_entry_generic, minmay_guarded_unrand_curses
D:13:     layout_loops_cross
D:14:     layout_cave_pools, hangedman_vaults_entry_quadrant_bands,
          serial_bayou_ford_a
D:15:     grunt_enter_depths_giant_problem, layout_basic, basic_altar,
          nicolae_ru_path_of_blood
Temple:   cyrus_circular_temple
Lair:1:   layout_chaotic_city, lemuel_fruit_fields, uniq_fannar, uniq_harold
Lair:2:   layout_hall_layers, palyth_hydra_swamp_entry,
          minmay_snake_entry_guardpost_small, uniq_nergalle
Lair:3:   layout_cave_shapes, serial_bayou, serial_bayou_shore_a,
          serial_bayou_pond_a, serial_bayou_pond_a, serial_bayou_pond_c,
          uniq_urug
Lair:4:   layout_loops_ring, grunt_megastairs_5
Lair:5:   pond_and_an_island_with_a_cottage, layout_concentric_octagons,
          minmay_lair_oklob_bushes, nicolae_lair_grove_arrangements,
          nicolae_quartered_pool_medium, infiniplex_staircase_pool_2
Lair:6:   grunt_lair_end_beastmaster, layout_small_grid,
          nicolae_slime_entry_slimehenge, portal_ice_cave_demonic_guard,
          lemuel_fruit_fields
Swamp:1:  layout_basic_swamp, evilmike_swamp_ruin_rubble_1, swamp_pool2
Swamp:2:  layout_basic_swamp, basic_altar, uniq_roxanne, uniq_kirke
Swamp:3:  layout_falls_marsh, evilmike_swamp_ruin_house_3
Swamp:4:  swamp_alternative, layout_basic_swamp, infiniplex_staircase_pool
Snake:1:  layout_gridlike, minmay_shoptagon
Snake:2:  layout_grid_maze, serial_shops, nicolae_shop_crystal,
          nicolae_snake_single_loop, grunt_megastairs_4, uniq_asterion,
          uniq_saint_roka
Snake:3:  layout_misc_corridors, uniq_donald, uniq_aizul
Snake:4:  snake_pit, layout_cave_town
Orc:1:    layout_diamond_mine, uniq_gastronok
Orc:2:    st_orc_town, layout_caves, basic_altar, uniq_nessos
Vaults:1: ebering_vaults_ghost_reflecting_pool, nicolae_vaults_disjoint_gnomons,
          ontoclasm_vaults_bender, nicolae_vaults_little_squares_2,
          sword_in_stone, grunt_vaults_hallway_short, nicolae_vaults_asterisk,
          nicolae_vaults_twisting_passages, v_misc_15, grunt_vaults_bifocal,
          layout_vaults_omnicross, portal_desolation_entry_garden, serial_shops,
          shop
Desolation

Skill      XL: |  1  2  3  4  5  6  7  8  9 10 11 12 13 14 15 16 17 18 19 20 |
---------------+-------------------------------------------------------------+-----
Shields        | 4 5 6 7 9 10 11 12 | 12.8
Fighting       | 4 5 7 8 10 11 12 13 15 17 20 21 22 | 22.3
Staves         | 3 4 6 7 9 10 11 12 13 14 15 16 | 16.5
Armour         | 4 5 7 9 11 12 13 14 15 | 15.0
Invocations    | 5 7 10 | 10.0
Dodging        | 2 6 10 11 12 13 | 13.1

Action                   |  1- 3 |  4- 6 |  7- 9 | 10-12 | 13-15 | 16-18 | 19-21 || total
-------------------------+-------+-------+-------+-------+-------+-------+-------++-------
Melee: Quarterstaff      |    74 |   190 |   395 |   774 |  1094 |   702 |       ||  3229
       Lajatang          |       |       |       |       |       |   588 |   530 ||  1118
Throw: Throwing net      |       |     1 |       |       |       |       |       ||     1
Invok: Upheaval          |       |       |       |     4 |    21 |    13 |     9 ||    47
       Disaster Area     |       |       |       |       |     1 |     1 |     4 ||     6
       Elemental Force   |       |       |       |       |       |       |     2 ||     2
 Abil: Dig               |       |     1 |       |    11 |    12 |     7 |     2 ||    33
Evoke: Wand              |       |       |     7 |    11 |     9 |     8 |     2 ||    37
  Use: Potion            |     1 |       |       |       |     2 |     1 |     7 ||    11
       Scroll            |       |       |    16 |    10 |    10 |    10 |     2 ||    48
 Stab: Distracted        |       |       |       |       |     1 |       |       ||     1
       Petrified         |       |       |       |       |       |     6 |       ||     6
Armor: Scale mail        |    26 |    79 |    50 |    14 |       |       |       ||   169
       Skin              |     3 |       |       |       |       |       |       ||     3
       Ring mail         |       |       |       |   113 |   187 |   268 |    79 ||   647
Dodge: Dodged            |    15 |    92 |   134 |   194 |   172 |   322 |   172 ||  1101
       Repelled          |       |       |       |       |     5 |    16 |    23 ||    44
Block: Kite shield       |    39 |   134 |   213 |   605 |   728 |  1017 |   433 ||  3169
